 Dungeon Crawl Stone Soup version 0.26-a0-466-g989023bd0d (webtiles) character file.

Game seed: 2682147495160112180

349 MrRokkomies the Distorting Palentonga (level 6, 0/51 HPs)
             Began as a Palentonga Abyssal Knight on July 30, 2020.
             Was a Believer of Lugonu.
             Slain by an orc
             ... wielding a +0 morningstar
              (10 damage)
             ... on level 4 of the Dungeon.
             The game lasted 00:06:37 (4664 turns).

MrRokkomies the Distorting Palentonga (PaAK)        Turns: 4664, Time: 00:06:37

Health: 0/51       AC:  6    Str: 15    XL:     6   Next: 33%
Magic:  9/9        EV: 10    Int: 13    God:    Lugonu [**....]
Gold:   133        SH:  0    Dex: 11    Spells: 5/5 levels left

rFire    . . .     SeeInvis +   a - +0 morningstar
rCold    . . .     Faith    .   (no shield)
rNeg     . . .     Spirit   .   b - +0 leather armour
rPois    .         Reflect  .   k - +0 helmet
rElec    .         Harm     .   c - +0 cloak (curse)
rCorr    .                      (no gloves)
MR       .....                  (boots restricted)
Stlth    +.........             (no amulet)
HPRegen  0.17/turn              (no ring)
MPRegen  0.11/turn              (no ring)

@: no status effects
A: large, rugged brown scales 3, see invisible, deformed body, roll, armoured
tail
a: Rolling Charge, Depart the Abyss, Bend Space, Renounce Religion


You were on level 4 of the Dungeon.
You worshipped Lugonu.
Lugonu was pleased with you.
You visited 1 branch of the dungeon, and saw 4 of its levels.
You visited the Abyss 1 time.

You collected 133 gold pieces.

Inventory:

Hand Weapons
 a - a +0 morningstar (weapon)
 d - a +1 mace
Missiles
 i - 28 poisoned darts (quivered)
Armour
 b - a +0 leather armour (worn)
 c - a cursed +0 cloak (worn)
 k - a +0 helmet (worn)
Wands
 o - a wand of random effects (43)
Scrolls
 e - a scroll of magic mapping
 f - 2 scrolls of teleportation
 p - a scroll of blinking
Potions
 g - a potion of cancellation
 j - a potion of magic
 l - a potion of might
 m - a potion of invisibility
 n - 2 potions of heal wounds
 q - a potion of brilliance


   Skills:
 + Level 3.9 Fighting
 * Level 4.2 Maces & Flails
 - Level 1.5 Armour
 + Level 2.2 Dodging
 * Level 4.4 Invocations


You had 5 spell levels left.
You didn't know any spells.
Your spell library was empty.

Dungeon Overview and Level Annotations

Branches:
Dungeon (4/15)
 Temple: D:4-7

Altars:


Innate Abilities, Weirdness & Mutations

You are completely covered in rugged brown scales. (AC +3, +7% HP)
You have supernaturally acute eyesight. (SInv)
Armour fits poorly on your strangely shaped body.
You can roll at foes to attack.
You have a long armoured tail.


Message History

Roll where?
Press: ? - help, Dir - move target cursor, f/p - orc wizard
Aim: an orc wizard, wielding a +0 dagger and wearing a +0 robe (almost dead)
You roll forward with a clatter of scales!
You barely miss the orc wizard.
The orc wizard is almost dead.
The orc wizard hits you but does no damage. x2
You closely miss the orc wizard.
The orc wizard is severely wounded.
The orc barely misses you.
The orc wizard hits you with a +0 dagger.
* * * LOW HITPOINT WARNING * * *
You completely miss the orc wizard.
The orc wizard is severely wounded.
The orc barely misses you. The orc wizard barely misses you.
You closely miss the orc wizard. You tail-slap the orc wizard.
You kill the orc wizard!
Lugonu accepts your kill. The orc hits you but does no damage.
The orc hits you with a +0 morningstar!
You die...

#######.# #...#
#.......# #.###
#.....### #.###### #
##.....# #......# #
#......### #####.##
###.##.....# #.#
....#......# #.#
###.#......#######.#
.##.#..>...#)..o@).#
.##.......[#.#######
.#####.....#)# ##
#######.# #.# ..#
###


You could see an orc.

Vanquished Creatures
  A howler monkey (D:4)
  An orc priest (D:4)
  2 orc wizards (D:4)
  A worker ant (D:4)
  A hound skeleton (D:4)
  Robin (D:2)
  4 gnolls (D:2)
  6 adders
  2 dart slugs (D:1)
  5 leopard geckos
  7 orcs
  2 bats
  2 giant cockroaches
  13 goblins
  7 hobgoblins
  4 jackals (D:1)
  4 kobolds
  2 quokkas
  3 frilled lizards
  6 rats
74 creatures vanquished.

Notes
Turn   | Place    | Note
-------+----------+-------------------------------------------
     0 | Abyss:1  | MrRokkomies the Palentonga Abyssal Knight began the quest
                  | for the Orb.
     0 | Abyss:1  | Reached XP level 1. HP: 19/19 MP: 2/2
    50 | Abyss:2  | Noticed a phantasmal warrior
    51 | D:1      | Escaped the Abyss
   251 | D:1      | Reached XP level 2. HP: 11/25 MP: 3/3
   265 | D:1      | Reached skill level 1 in Dodging
   528 | D:1      | Reached * piety under Lugonu
   789 | D:1      | Reached XP level 3. HP: 13/31 MP: 3/5
  1682 | D:2      | Noticed Robin
  1700 | D:2      | Killed Robin
  2004 | D:2      | Reached XP level 4. HP: 17/37 MP: 6/6
  3234 | D:3      | Reached XP level 5. HP: 31/43 MP: 7/7
  3357 | D:3      | Reached ** piety under Lugonu
  4638 | D:4      | Reached XP level 6. HP: 31/51 MP: 9/9
  4664 | D:4      | Slain by an orc

Illustrated notes

Levels and vault maps discovered:
D:1:      dpeg_arrival_round_c, layout_basic, serial_curves, eino_curves_04,
          eino_curves_03
D:2:      layout_basic, uniq_robin
D:3:      minmay_wonky_spiral, layout_basic
D:4:      layout_basic, overflow_temple_1_default

Skill      XL: |  1  2  3  4  5 |
---------------+----------------+-----
Dodging        | 1 2 |  2.2
Invocations    | 3 4 |  4.4
Maces & Flails | 3 4 |  4.2
Fighting       | |  3.9
Armour         | |  1.5

Action                   |  1- 3 |  4- 6 || total
-------------------------+-------+-------++-------
Melee: Morningstar       |   124 |   158 ||   282
       Tailslap          |     5 |    19 ||    24
Throw: Dart              |     1 |     7 ||     8
Invok: Depart the Abyss  |     1 |       ||     1
 Abil: Rolling Charge    |     1 |     7 ||     8
  Use: Scroll            |     4 |     9 ||    13
       Potion            |     1 |     2 ||     3
Armor: Leather armour    |    71 |    70 ||   141
Dodge: Dodged            |    68 |   102 ||   170

Table legend: (Time is in decaauts)
 A = Elapsed time spent in this place.
 B = Non-inter-level travel time spent in this place.
 C = Inter-level travel time spent in this place.
 D = Time resting spent in this place.
 E = Time spent auto-exploring this place.
 F = Levels seen in this place.
 G = Mean time per level.
                   A        B        C        D        E       F      G
               +--------+--------+--------+--------+--------+-----+--------+
         Total |   4761 |   4685 |     76 |   1921 |   2107 |   6 |  793.5 |
       Dungeon |   4711 |   4635 |     76 |   1921 |   2089 |   4 | 1177.8 |
         Abyss |     50 |     50 |      0 |      0 |     18 |   2 |   25.0 |
               +--------+--------+--------+--------+--------+-----+--------+

Top non-repeatable levels by time:
     D:2: 1811 daAuts
     D:1: 1260 daAuts
     D:3: 984 daAuts
     D:4: 654 daAuts
 Abyss:2: 44 daAuts
 Abyss:1: 6 daAuts
